 Dungeon Crawl Stone Soup version 0.23.0 (webtiles) character file.

Game seed: 14695695824533541865

34920 Borgoz the Covert (level 13, -4/105 HPs)
             Began as a Demonspawn Assassin on Feb 17, 2019.
             Was a High Priest of Dithmenos.
             Hit by a javelin thrown by a minotaur (8 damage)
             ... in a Gauntlet.
             The game lasted 00:29:04 (11338 turns).

Borgoz the Covert (Demonspawn Assassin)            Turns: 11338, Time: 00:29:04

Health: -4/105     AC: 15    Str: 14    XL:     13   Next: 44%
Magic:  0/13       EV: 17    Int: 14    God:    Dithmenos [*****.]
Gold:   646        SH:  0    Dex: 12    Spells: 12/12 levels left

rFire    + . .     SeeInvis .   a - +8 rapier (drain)
rCold    . . .     Gourm    .   (no shield)
rNeg     . . .     Faith    .   B - +3 leather armour {rF+}
rPois    .         Spirit   +   (helmet restricted)
rElec    .         Reflect  .   w - scarf {Spirit}
rCorr    .         Harm     .   s - +2 pair of gloves
MR       .....     NoTele   +   H - +1 pair of boots
Stlth    ++++++++..             (no amulet)
HPRegen  0.27/turn              l - ring of Nogake {Int+2 Dex-6 Slay+6} (curse)
MPRegen  0.13/turn              d - +2 ring of slaying

@: very slightly contaminated, wreathed by umbra, studying Maces & Flails
A: antennae 2, thin metallic scales 2, powered by death 3, spiny 2
a: Shadow Step, Shadow Form, Renounce Religion


You were in a Gauntlet.
You worshipped Dithmenos.
Dithmenos was extremely pleased with you.
You were not hungry.

You visited 3 branches of the dungeon, and saw 16 of its levels.
You also visited: Ossuary and Gauntlet.

You collected 706 gold pieces.
You spent 60 gold pieces at shops.

Inventory:

Hand Weapons
 a - a +8 rapier of draining (weapon)
 b - a +0 blowgun
Missiles
 e - 17 poisoned needles
 y - a throwing net (quivered)
Armour
 f - a +0 buckler of protection
 m - the cursed +0 helmet "Wyawet" {rPois Dex+4, unknown}
   (You found it in a Gauntlet)

   It affects your dexterity (+4).
   It protects you from poison.
   It has a curse placed upon it.
 s - a +2 pair of gloves (worn)
 w - a scarf of spirit shield (worn)
 B - a +3 leather armour of fire resistance (worn)
 H - a +1 pair of boots (worn)
 Q - a +1 pair of gloves
Jewellery
 d - a +2 ring of slaying (right hand)
 l - the cursed ring of Nogake (left hand) {Int+2 Dex-6 Slay+6}
   (You found it in a Gauntlet)

   [ring of dexterity]

   It affects your intelligence (+2).
   It affects your dexterity (-6).
   It affects your accuracy and damage with ranged weapons and melee attacks
   (+6).
   It has a curse placed upon it.
 t - an uncursed ring of ice
 C - a +1 ring of slaying
 N - an uncursed ring of fire
 V - an uncursed ring of ice
Wands
 k - a wand of iceblast (13)
 x - a wand of flame (49)
 J - a wand of acid (3)
 P - a wand of digging (6)
 R - a wand of disintegration (23)
Scrolls
 c - 9 scrolls of remove curse
 h - 6 scrolls of teleportation
 p - 6 scrolls of fear
 D - 3 scrolls of amnesia
Potions
 j - 4 potions of flight
 n - 2 potions of might
 o - 5 potions of lignification
 q - 2 potions of berserk rage
 r - a potion of ambrosia {unknown}
 v - 3 potions of curing
 A - a potion of invisibility
 F - a potion of mutation {unknown}
 K - 3 potions of haste
 M - 3 potions of resistance
 T - 2 potions of brilliance {unknown}
 X - a potion of cancellation {unknown}
Books
 i - a manual of Maces & Flails
Comestibles
 g - 28 rations


   Skills:
 + Level 10.9 Fighting
 + Level 10.1 Short Blades
 - Level 1.7 Throwing
 + Level 5.6 Armour
 + Level 9.9 Dodging
 + Level 11.4 Stealth


You had 12 spell levels left.
You didn't know any spells.
Your spell library contained the following spells:

 Spells                   Type           Power        Failure   Level  Hunger
 Animate Skeleton         Necr           N/A          34%         1    ##.....
 Apportation              Tloc           #.....       34%         1    ##.....
 Confusing Touch          Hex            #.....       34%         1    ##.....
 Summon Small Mammal      Summ           #...         34%         1    ##.....
 Confuse                  Hex            #.......     71%         3    ####...
 Gell's Gravitas          Tloc           #.........   71%         3    ####...
 Petrify                  Tmut/Erth      #.......     98%         4    #####..
 Metabolic Englaciation   Hex/Ice        #.........   100%        5    ######.
 Yara's Violent Unravell  Hex/Tmut       #.........   100%        5    ######.


Dungeon Overview and Level Annotations

Branches:
Dungeon (13/15)            Temple (1/1) D:5            Lair (2/6) D:10
    Orc (0/2) D:11
  Swamp: Lair:2-4    Shoals: Lair:2-4     Snake: Lair:2-4    Spider: Lair:2-4
 Vaults: D:13-14

Altars:
Ashenzari
Cheibriados
Dithmenos
Elyvilon
Fedhas
Gozag
Hepliaklqana
Kikubaaqudgha
Makhleb
Nemelex Xobeh
Okawaru
Qazlal
Ru
Sif Muna
Trog
Uskayaw
Vehumet
Wu Jian
Xom
Yredelemnul
Zin
The Shining One

Shops:
D:4 ?   D:5 =

Annotations:
D:11 3 transporters, poirepourri's ghost, journeyman MiFi Gauntlet 10 transporters


Innate Abilities, Weirdness & Mutations

You have a pair of antennae on your head.
You are mostly covered in thin metallic scales. (AC +3)
You regenerate a lot of health from kills.
You are mostly covered in sharp spines.


Message History

The minotaur is lightly wounded.
The minotaur hits you but does no damage.
The minotaur closely misses you.
You hit the minotaur.
The minotaur is lightly wounded.
You hit the minotaur. You drain the minotaur.
The minotaur is moderately wounded.
The minotaur hits you with the +7 mace of Dung {holy, rC+}!!
* * * LOW HITPOINT WARNING * * *
You convulse!
* * * LOW HITPOINT WARNING * * *
The minotaur gores you!
* * * LOW HITPOINT WARNING * * *
Okay, then.
Blink to where?
Press: ? - help, Dir - move target cursor You are very lightly contaminated with residual magic.
As you read the scroll of blinking, it crumbles to dust.
The minotaur throws a javelin.
The javelin hits you!
You die...

#..#...#P#. #####..#..#.©.#
##########§8≈#..#.#P.#.P
####.##....##...#..##..#.#.
#....##.##....8.####..#.^P#
##.##....##.##.....©#^#..#.P
#..##.##....##.8.#####..#.#.
##....##.##......#..#..#.©.#
##.##....##@##.8.#..########
#.######....##...#≈.........
###∩H§.'.##....8.#∩.........
######.##.##...#≈.........
#....##.8.#..########
#.##......#..#..=.YY?
..##.##.8.####..Y.Y.. #....#
...©#.P#P..# #.# ..
.####.PP..PP


You could see a minotaur.

Vanquished Creatures
  A blizzard demon (Gauntlet)
  A green death (Gauntlet)
  Fannar (D:12)
  2 two-headed ogres
  2 ugly things
  2 manticores
  A black mamba (Lair:2)
  3 cyclopes
  A worldbinder (Gauntlet)
  An orange demon (Gauntlet)
  4 spiny frogs (Lair:1)
  Psyche (D:8)
  4 komodo dragons (Lair:1)
  Prince Ribbit (D:6)
  5 blink frogs (Lair:1)
  4 slime creatures (D:12)
  A hippogriff (D:9)
  13 yaks
  A spriggan (D:7)
  2 wraiths (D:12)
  A wyvern (D:9)
  Eustachio (D:6)
  A basilisk (D:12)
  3 vampire mosquitoes (D:11)
  2 soldier ants (D:12)
  2 water moccasins
  Duvessa (D:4)
  A porcupine (Lair:1)
  6 orc warriors
  A sky beast (D:8)
  2 ice beasts
  2 black bears
  2 necrophages
  2 ogres
  3 boggarts (Gauntlet)
  2 phantoms
  5 centaurs
  2 crocodiles (Lair:1)
  10 bullfrogs
  Dowan (D:4)
  A scorpion (D:10)
  7 killer bees
  6 howler monkeys
  5 wights (D:6)
  4 crimson imps
  4 jellies
  A bullfrog zombie (D:11)
  A quasit (D:5)
  10 hounds
  A centaur skeleton (D:8)
  A centaur zombie (D:5)
  7 orc priests
  2 iguanas
  Ijyb (D:4)
  Crazy Yiuf (D:4)
  16 orc wizards
  3 hell rats (Lair:1)
  10 worker ants
  A killer bee zombie (D:7)
  A hound zombie (D:9)
  2 hound skeletons
  A worker ant zombie (D:7)
  14 mummies
  8 gnolls
  13 adders
  5 river rats (Lair:1)
  2 shadow imps
  4 adder skeletons
  2 dart slugs
  10 leopard geckos
  35 orcs
  A ball python (D:5)
  6 bats
  5 giant cockroaches
  6 goblins
  7 hobgoblins
  14 jackals
  4 quokkas
  3 frilled lizards
  2 gnoll skeletons (Ossuary)
  3 goblin skeletons (Ossuary)
  A goblin zombie (D:8)
  A jackal skeleton (D:5)
  3 kobolds
  A kobold skeleton (Ossuary)
  A leopard gecko zombie (D:5)
  2 orc skeletons (Ossuary)
  An orc zombie (D:8)
  11 rats
  11 rat skeletons (Ossuary)
  A demonic plant (Gauntlet)
364 creatures vanquished.

Vanquished Creatures (others)
  8 demonic plants (Gauntlet)
  26 withered plants (Gauntlet)
34 creatures vanquished.

Grand Total: 398 creatures vanquished

Notes
Turn   | Place    | Note
-------+----------+-------------------------------------------
     0 | D:1      | Borgoz the Demonspawn Assassin began the quest for the Orb.
     0 | D:1      | Reached XP level 1. HP: 16/16 MP: 1/1
   133 | D:1      | Reached skill level 1 in Dodging
   133 | D:1      | Reached skill level 4 in Stealth
   133 | D:1      | Gained mutation: You are partially covered in sharp spines.
                  | [demonic ancestry]
   133 | D:1      | Reached XP level 2. HP: 18/22 MP: 2/2
   407 | D:1      | Found a glowing golden altar of the Shining One.
   621 | D:2      | Found a stormy altar of Qazlal.
   621 | D:2      | Found a white marble altar of Elyvilon.
   627 | D:2      | Found a shattered altar of Ashenzari.
   629 | D:2      | Found a shadowy altar of Dithmenos.
   631 | D:2      | Found an ornate altar of the Wu Jian Council.
   635 | D:2      | Became a worshipper of Dithmenos the Shadowed
   736 | D:2      | Gained mutation: You regenerate a little health from kills.
                  | [demonic ancestry]
   736 | D:2      | Reached XP level 3. HP: 27/27 MP: 3/3
   769 | D:2      | Found a deep blue altar of Sif Muna.
  1256 | D:3      | Reached skill level 1 in Armour
  1286 | D:2      | Gained mutation: You regenerate health from kills. [demonic
                  | ancestry]
  1286 | D:2      | Reached XP level 4. HP: 24/34 MP: 2/4
  1455 | D:3      | Found a sparkling altar of Nemelex Xobeh.
  1514 | D:3      | Gained mutation: You have a pair of small antennae on your
                  | head. [demonic ancestry]
  1514 | D:3      | Reached XP level 5. HP: 40/40 MP: 5/5
  1840 | D:4      | Found an iron altar of Okawaru.
  1874 | D:4      | Reached * piety under Dithmenos
  2071 | D:4      | Noticed Ijyb
  2091 | D:4      | Killed Ijyb
  2091 | D:4      | Gained mutation: You are partially covered in thin metallic
                  | scales. (AC +2) [demonic ancestry]
  2091 | D:4      | Reached XP level 6. HP: 24/47 MP: 3/6
  2126 | D:4      | Found a runed translucent door.
  2127 | D:4      | Noticed Crazy Yiuf
  2202 | D:4      | Found Muiteisu's Magic Scroll Shoppe.
  2205 | D:4      | Bought a scroll of identify for 24 gold pieces
  2205 | D:4      | Bought a scroll of remove curse for 36 gold pieces
  2322 | D:4      | Reached skill level 5 in Stealth
  2419 | D:4      | Reached XP level 7. HP: 33/53 MP: 3/7
  2538 | D:4      | Found a sacrificial altar of Ru.
  2639 | D:4      | Noticed Duvessa
  2642 | D:4      | Noticed Dowan
  2671 | D:4      | Killed Duvessa
  2683 | D:4      | Killed Dowan
  2808 | D:4      | Killed Crazy Yiuf
  2862 | D:5      | Entered Level 5 of the Dungeon
  2947 | D:5      | Found a staircase to the Ecumenical Temple.
  2964 | Temple   | Entered the Ecumenical Temple
  3437 | D:5      | Found a burning altar of Makhleb.
  3437 | D:5      | Noticed a green death
  3445 | D:5      | Reached ** piety under Dithmenos
  3460 | D:5      | Reached XP level 8. HP: 61/61 MP: 8/8
  3475 | D:5      | Reached skill level 6 in Stealth
  3569 | D:5      | Reached skill level 5 in Fighting
  3649 | D:5      | Found Fuepeg's Jewellery Boutique.
  3720 | D:5      | Found a blossoming altar of Fedhas.
  3838 | D:6      | Noticed Prince Ribbit
  3876 | D:6      | Killed Prince Ribbit
  3986 | D:6      | Reached skill level 5 in Short Blades
  4156 | D:6      | Reached skill level 5 in Dodging
  4170 | D:6      | Noticed Eustachio
  4210 | D:6      | Killed Eustachio
  4210 | D:6      | Gained mutation: You have a pair of antennae on your head.
                  | [demonic ancestry]
  4210 | D:6      | Reached XP level 9. HP: 33/69 MP: 1/9
  4315 | D:6      | Reached skill level 7 in Stealth
  4400 | D:7      | Reached *** piety under Dithmenos
  4941 | D:8      | Found a sand-covered staircase.
  4948 | Ossuary  | Entered an ossuary
  5063 | Ossuary  | Reached **** piety under Dithmenos
  5345 | D:8      | Noticed Psyche
  5354 | D:8      | Killed Psyche
  5394 | D:8      | Reached skill level 8 in Stealth
  5933 | D:9      | Gained mutation: You are mostly covered in thin metallic
                  | scales. (AC +3) [demonic ancestry]
  5933 | D:9      | Reached XP level 10. HP: 48/79 MP: 7/10
  6536 | D:10     | Entered Level 10 of the Dungeon
  6566 | D:10     | Found a staircase to the Lair.
  6634 | D:10     | Found a white marble altar of Elyvilon.
  7221 | D:11     | Noticed a cyclops
  7247 | D:11     | Reached skill level 9 in Stealth
  7263 | D:11     | Noticed a cyan ugly thing
  7276 | D:11     | Killed a cyan ugly thing
  7284 | D:11     | Reached ***** piety under Dithmenos
  7411 | D:11     | Found a staircase to the Orcish Mines.
  7495 | D:11     | Reached XP level 11. HP: 53/86 MP: 8/11
  8046 | D:11     | Found a transporter.
  8046 | D:11     | Noticed poirepourri's ghost (journeyman MiFi)
  8052 | D:11     | Noticed a frost giant
  8059 | D:11     | Found a transporter.
  8119 | D:11     | Found a sparkling altar of Nemelex Xobeh.
  8119 | D:11     | Found a transporter.
  8119 | D:11     | Noticed a fire dragon
  8119 | D:11     | Noticed a skeletal warrior
  8454 | D:12     | Noticed Fannar
  8838 | D:12     | Reached skill level 10 in Stealth
  9036 | D:12     | Noticed a two-headed ogre
  9047 | D:12     | Killed a two-headed ogre
  9071 | D:12     | Noticed a red ugly thing
  9081 | D:12     | Killed a red ugly thing
  9146 | D:12     | Killed Fannar
  9477 | D:13     | Noticed a two-headed ogre
  9481 | D:13     | Killed a two-headed ogre
  9566 | Lair:1   | Entered Level 1 of the Lair of Beasts
  9642 | Lair:1   | Gained mutation: You are mostly covered in sharp spines.
                  | [demonic ancestry]
  9642 | Lair:1   | Reached XP level 12. HP: 61/97 MP: 7/12
  9884 | Lair:1   | Reached skill level 10 in Fighting
 10559 | Lair:1   | Reached skill level 5 in Armour
 10559 | Lair:1   | Reached skill level 11 in Stealth
 10559 | Lair:1   | Gained mutation: You regenerate a lot of health from kills.
                  | [demonic ancestry]
 10559 | Lair:1   | Reached XP level 13. HP: 105/105 MP: 13/13
 10575 | Lair:2   | Identified a scroll of acquirement
 10615 | Lair:2   | Found a gate leading to a gauntlet.
 10616 | Lair:2   | Reached skill level 10 in Short Blades
 10638 | Gauntlet | Entered a Gauntlet
 10638 | Gauntlet | Found a transporter.
 10638 | Gauntlet | Found a transporter.
 10642 | Gauntlet | Found a transporter.
 10642 | Gauntlet | Found a transporter.
 10651 | Gauntlet | Found a transporter.
 10658 | Gauntlet | Found a transporter.
 10668 | Gauntlet | Found a transporter.
 10668 | Gauntlet | Found a transporter.
 10668 | Gauntlet | Noticed a green death
 10671 | Gauntlet | Found a transporter.
 10678 | Gauntlet | Found a transporter.
 10678 | Gauntlet | Noticed a blizzard demon
 10684 | Gauntlet | Found a transporter.
 10720 | Gauntlet | Found a transporter.
 10765 | Gauntlet | Found a transporter.
 10783 | Gauntlet | Found a transporter.
 10785 | Gauntlet | Noticed a reaper
 10959 | Gauntlet | Found a transporter.
 10996 | Gauntlet | Killed a blizzard demon
 11071 | Gauntlet | Got a wavering pewter ring
 11118 | Gauntlet | Identified the cursed ring of Nogake {Int+2 Dex-6 Slay+6}
                  | (You found it in a Gauntlet)
 11193 | Gauntlet | Found a transporter.
 11193 | Gauntlet | Noticed a dire elephant
 11224 | Gauntlet | Killed a green death
 11240 | Gauntlet | Got a polished helmet
 11329 | Gauntlet | Identified the +7 mace of Dung {holy, rC+}
 11329 | Gauntlet | Noticed a minotaur
 11337 | Gauntlet | HP: 4/105 [minotaur/the +7 mace of Dung {holy, rC+} (11)]
 11338 | Gauntlet | Hit by a javelin thrown by a minotaur

Skill      XL: |  1  2  3  4  5  6  7  8  9 10 11 12 13 |
---------------+----------------------------------------+-----
Dodging        | 1 2 3 5 6 7 8 9 |  9.9
Stealth        | 4 5 6 8 9 10 11 | 11.4
Short Blades   | 2 3 4 5 6 7 9 10 | 10.1
Armour         | 1 2 3 5 |  5.6
Fighting       | 3 4 6 7 8 9 10 | 10.9
Throwing       | |  1.7

Action                   |  1- 3 |  4- 6 |  7- 9 | 10-12 | 13-15 || total
-------------------------+-------+-------+-------+-------+-------++-------
Melee: Dagger            |    77 |   163 |   348 |       |       ||   588
       Rapier            |       |       |   176 |   469 |    47 ||   692
 Fire: Blowgun           |       |       |     3 |       |       ||     3
  Use: Scroll            |       |     3 |    10 |     9 |    10 ||    32
       Potion            |       |       |     1 |     3 |     1 ||     5
 Stab: Sleeping          |     6 |     5 |    39 |    33 |     1 ||    84
       Distracted        |       |       |       |     1 |       ||     1
  Eat: Chunk             |     1 |     4 |    11 |    15 |     1 ||    32
       Ration            |       |       |       |       |     1 ||     1
Armor: Robe              |    10 |       |       |       |       ||    10
       Ring mail         |    15 |    20 |       |       |       ||    35
       Leather armour    |       |    13 |   108 |    72 |     8 ||   201
Dodge: Dodged            |    34 |    85 |   281 |   357 |    38 ||   795
